 Dungeon Crawl Stone Soup version 0.29.1 (webtiles) character file.

Game seed: 11682444401148168856

333 qw the Chopper (level 6, 0/38 HPs)
             Began as a Gargoyle Fighter on Sept 13, 2022.
             Slain by an orc
             ... wielding a +0 trident
              (3 damage)
             ... on level 3 of the Dungeon.
             The game lasted 00:00:55 (2994 turns).

qw the Chopper (Gargoyle Fighter)                   Turns: 2994, Time: 00:00:56

Health: 0/38       AC: 13    Str: 22    XL:     6   Next: 52%
Magic:  6/6        EV:  7    Int:  8    God:
Gold:   140        SH:  4    Dex:  9    Spells: 5/5 levels left

rFire   + . .      SeeInvis .   Y - +0 war axe
rCold   . . .      Faith    .   c - +0 buckler
rNeg    + . .      Spirit   .   g - +0 chain mail
rPois   inf        Reflect  .   (no helmet)
rElec   +          Harm     .   (no cloak)
rCorr   .          Rampage  .   (no gloves)
Will    .....                   (no boots)
Stlth   ..........              (no amulet)
HPRegen 0.12/turn               i - ring of protection from fire
MPRegen 0.10/turn               (no ring)

@: about to teleport
A: sickness immunity, AC +4, negative energy resistance 1, electricity
resistance, torment resistance 1, petrification resistance
a: no special abilities


You were on level 3 of the Dungeon.
You visited 1 branch of the dungeon, and saw 3 of its levels.

You collected 140 gold pieces.


Innate Abilities, Weirdness & Mutations

You are immune to sickness and miasma.
Your stone body is resilient. (AC +4)
You are immune to poison.
You resist negative energy. (rN+)
You are resistant to electric shocks. (rElec)
You are resistant to unholy torment.
You are immune to petrification.


   Skills:
 - Level 4.0 Fighting
 + Level 5.8 Axes
 - Level 3.2 Armour
 - Level 3.2 Shields


You had 5 spell levels left.
You didn't know any spells.
Your spell library was empty.

Inventory:

Hand Weapons
 f - a +0 whip of electrocution
 Y - a +0 war axe (weapon)
Missiles
 j - a boomerang (quivered)
Armour
 c - a +0 buckler (worn)
 g - a +0 chain mail (worn)
Jewellery
 i - a ring of protection from fire (left hand)
Scrolls
 a - a scroll of identify
 h - a scroll of teleportation
 k - a scroll of magic mapping {unknown}
Potions
 b - a potion of mutation
 d - a potion of might
 e - 4 potions of curing
 m - a potion of resistance

Dungeon Overview and Level Annotations

Branches:
Dungeon (3/15)

Altars:
Makhleb
Vehumet

Shops:
D:1 ?

Annotations:
D:3 qw's ghost, amateur MiBe


Message History

An orc comes into view. It is wielding a +0 trident.
The orc shouts!
A bat comes into view.
There is an open door here.
The gnoll closely misses you.
Found a rapier.
The bat hits you. You block the gnoll's attack.
The gnoll hits you but does no damage.
The gnoll hits you from afar with a +0 spear.
The gnoll barely misses you.
You slash the gnoll!
You kill the gnoll!
You slash the gnoll! The bat completely misses you.
The gnoll hits you but does no damage. x2
The orc barely misses you.
The gnoll hits you from afar with a +0 spear.
You barely miss the gnoll.
The gnoll is heavily wounded.
You barely miss the bat. The bat hits you but does no damage. x2
The gnoll hits you from afar with a +0 spear.
The gnoll hits you with a +0 spear.
The gnoll hits you from afar with a +0 halberd!
The orc hits you from afar with a +0 trident.
You barely miss the gnoll.
The gnoll is heavily wounded.
You closely miss the bat. The bat hits you but does no damage.
The gnoll hits you but does no damage. The gnoll hits you with a +0 spear.
You block the gnoll's attack. The orc hits you but does no damage.
The gnoll hits you from afar with a +0 halberd.
You block the gnoll's attack. The orc barely misses you.
The gnoll barely misses you.
2994 ||| READING 2 scrolls of teleportation.
As you read the scroll of teleportation, it crumbles to dust.
You feel strangely unstable. The bat barely misses you.
The gnoll barely misses you. x2
The gnoll hits you with a +0 spear.
The orc hits you from afar with a +0 trident.
You die...

#.# #.#
#.)........
#.#
##..........
#.#
...........
#.#
#..........
#.#
#..........
#.#
#....o.....
#.#
#..)gg.....
#.#
#.b@.g.....
#.#
#........##
#.#
##'#####..#
#.#########.#
.
#...........#
#############


You could see 3 gnolls, an orc and a bat.

Vanquished Creatures
  Sigmund (D:2)
  A crimson imp (D:3)
  Terence (D:2)
  Natasha (D:3)
  A gnoll (D:3)
  2 adders (D:2)
  2 dart slugs (D:1)
  An orc (D:3)
  A ball python (D:1)
  4 endoplasms
  9 giant cockroaches
  4 goblins
  3 hobgoblins
  4 jackals (D:1)
  2 kobolds (D:1)
  A quokka (D:1)
  6 bats
  2 frilled lizards
  5 rats
51 creatures vanquished.

Notes
Turn   | Place    | Note
-------+----------+-------------------------------------------
     0 | D:1      | qw the Gargoyle Fighter began the quest for the Orb.
     0 | D:1      | Reached XP level 1. HP: 14/14 MP: 1/1
     0 | D:1      | 0 ||| qw: Version: 0.1-a-119-g272c26d
     0 | D:1      | 0 ||| qw: Game counter: 11140
     0 | D:1      | 0 ||| qw: Always use a shield: true
     0 | D:1      | 0 ||| qw: God list: Okawaru
     0 | D:1      | 0 ||| qw: Allow faded altars: false
     0 | D:1      | 0 ||| qw: Do Orc after D:15 true
     0 | D:1      | 0 ||| qw: Do second Lair branch before Depths: true
     0 | D:1      | 0 ||| qw: Lair rune preference: random
     0 | D:1      | 0 ||| qw: Plans: Normal, Zot, God:TSO, Crypt, Tomb, Pan,
                  | Slime, Hells, Zig, Abyss, Orb
     0 | D:1      | 0 ||| PLANNING D:1-11
    58 | D:1      | 58 ||| Stepping ~*~*~tactically~*~*~ (stealth).
    61 | D:1      | Reached skill level 2 in Axes
   184 | D:1      | Found a faded altar of an unknown god.
   210 | D:1      | Reached XP level 2. HP: 19/19 MP: 2/2
   217 | D:1      | Found Jewn's Magic Scroll Emporium.
   229 | D:1      | 229 ||| SHOPLISTING scroll of enchant armour (82 gold, have
                  | 21).
   229 | D:1      | 229 ||| SHOPLISTING scroll of enchant weapon (82 gold, have
                  | 21).
   229 | D:1      | 229 ||| SHOPLISTING scroll of identify (22 gold, have 21).
   231 | D:1      | 231 ||| Stepping ~*~*~tactically~*~*~ (stealth).
   236 | D:1      | 236 ||| Stepping ~*~*~tactically~*~*~ (hiding).
   555 | D:1      | You fall into a shaft and drop 1 floor!
   613 | D:2      | 613 ||| READING scroll labelled CULIJU ILEY.
   614 | D:2      | 614 ||| READING 2 scrolls labelled COOCOR ITUMOOM.
   615 | D:2      | 615 ||| READING 2 scrolls labelled TAJ KYRIAR.
   616 | D:2      | 616 ||| READING 2 scrolls labelled HEWIPI VULAON ERGHO.
   619 | D:2      | 619 ||| READING scroll labelled AMOEPHA FIELERPH.
   620 | D:2      | 620 ||| DRINKING 2 bubbling yellow potions.
   621 | D:2      | 621 ||| DRINKING 2 black potions.
   638 | D:2      | 638 ||| Stepping ~*~*~tactically~*~*~ (stealth).
   644 | D:2      | Reached skill level 3 in Axes
   644 | D:2      | Reached XP level 3. HP: 21/23 MP: 3/3
   669 | D:2      | 669 ||| DROPPING scroll of noise.
   670 | D:2      | 670 ||| DROPPING scroll of immolation.
   671 | D:2      | 671 ||| DROPPING potion of ambrosia.
   723 | D:2      | 723 ||| Stepping ~*~*~tactically~*~*~ (stealth).
   726 | D:2      | 726 ||| Stepping ~*~*~tactically~*~*~ (stealth).
   727 | D:2      | 727 ||| Stepping ~*~*~tactically~*~*~ (stealth).
   813 | D:2      | Noticed Sigmund
   814 | D:2      | 814 ||| DRINKING potion of curing.
   814 | D:2      | 814 ||| (to cure confusion)
   824 | D:2      | Killed Sigmund
   825 | D:2      | Reached skill level 5 in Axes
   825 | D:2      | Reached XP level 4. HP: 7/28 MP: 4/4
   825 | D:2      | Reached XP level 5. HP: 8/32 MP: 5/5
  1043 | D:2      | 1043 ||| Stepping ~*~*~tactically~*~*~ (stealth).
  1044 | D:2      | 1044 ||| Stepping ~*~*~tactically~*~*~ (stealth).
  1066 | D:2      | 1066 ||| DROPPING +0 club.
  1127 | D:2      | Noticed Terence
  1132 | D:2      | Killed Terence
  1133 | D:2      | Reached XP level 6. HP: 24/38 MP: 6/6
  1268 | D:2      | 1268 ||| UPGRADING to +0 chain mail.
  1278 | D:2      | 1278 ||| DROPPING +0 scale mail.
  1279 | D:2      | 1279 ||| READING 3 scrolls of identify.
  1279 | D:2      | 1279 ||| IDENTIFYING red potion
  1280 | D:2      | 1280 ||| READING 2 scrolls of identify.
  1280 | D:2      | 1280 ||| IDENTIFYING murky puce potion
  1281 | D:2      | 1281 ||| DROPPING potion of brilliance.
  1810 | D:1      | 1810 ||| READING 2 scrolls of identify.
  1810 | D:1      | 1810 ||| IDENTIFYING smoky green potion
  2283 | D:2      | 2283 ||| UPGRADING to ring of protection from fire.
  2407 | D:3      | Found a radiant altar of Vehumet.
  2409 | D:3      | Found a burning altar of Makhleb.
  2575 | D:3      | Noticed Natasha
  2577 | D:3      | 2577 ||| FLEEEEING.
  2578 | D:3      | 2578 ||| FLEEEEING.
  2579 | D:3      | 2579 ||| FLEEEEING.
  2582 | D:3      | 2582 ||| FLEEEEING.
  2583 | D:3      | 2583 ||| FLEEEEING.
  2584 | D:3      | 2584 ||| FLEEEEING.
  2585 | D:3      | 2585 ||| FLEEEEING.
  2586 | D:3      | 2586 ||| FLEEEEING.
  2587 | D:3      | 2587 ||| FLEEEEING.
  2588 | D:3      | 2588 ||| FLEEEEING.
  2589 | D:3      | 2589 ||| FLEEEEING.
  2590 | D:3      | 2590 ||| FLEEEEING.
  2591 | D:3      | 2591 ||| FLEEEEING.
  2592 | D:3      | 2592 ||| FLEEEEING.
  2593 | D:3      | 2593 ||| FLEEEEING.
  2594 | D:3      | 2594 ||| FLEEEEING.
  2595 | D:3      | 2595 ||| FLEEEEING.
  2596 | D:3      | 2596 ||| FLEEEEING.
  2597 | D:3      | 2597 ||| FLEEEEING.
  2598 | D:3      | 2598 ||| FLEEEEING.
  2603 | D:3      | 2603 ||| FLEEEEING.
  2604 | D:3      | 2604 ||| FLEEEEING.
  2605 | D:3      | 2605 ||| FLEEEEING.
  2606 | D:3      | 2606 ||| FLEEEEING.
  2607 | D:3      | 2607 ||| FLEEEEING.
  2608 | D:3      | 2608 ||| FLEEEEING.
  2609 | D:3      | 2609 ||| FLEEEEING.
  2610 | D:3      | 2610 ||| FLEEEEING.
  2611 | D:3      | 2611 ||| FLEEEEING.
  2612 | D:3      | 2612 ||| FLEEEEING.
  2617 | D:3      | 2617 ||| FLEEEEING.
  2621 | D:3      | 2621 ||| FLEEEEING.
  2626 | D:3      | Killed Natasha
  2927 | D:3      | Noticed qw's ghost (amateur MiBe)
  2993 | D:3      | HP: 5/38 [gnoll/+0 halberd (6)]
  2994 | D:3      | 2994 ||| READING 2 scrolls of teleportation.
  2994 | D:3      | Slain by an orc

Levels and vault maps discovered:
D:1:      lightli_arrival_windingriver, layout_loops_cross, serial_shops,
          shop_scrolls, hellmonk_ecumenical_altar_pennies_from_heaven,
          chequers_serial_rivers_micro_b, nicolae_hexahallways,
          minmay_worlds_worst_comb
D:2:      layout_loops_cross, serial_aquarium, aquarium_bridge_island_small
          [aquarium_subvault_small_water, aquarium_subvault_bridge,
          aquarium_subvault_wall, aquarium_subvault_window,
          aquarium_subvault_bridge], aquarium_window_3, aquarium_window_1,
          aquarium_window_fake, aquarium_window_fake, aquarium_view_2d,
          aquarium_balcony_3a, aquarium_pool_corner, minmay_splitting_lines,
          uniq_sigmund, uniq_terence
D:3:      lemuel_castle_with_subvaults [lemuel_castle_interior_carwin_2],
          layout_basic, grunt_temple_overflow_lords_of_destruction,
          gammafunk_ghost_smash, hangedman_decor_growths,
          kennysheep_pointless_box, uniq_natasha

Skill      XL: |  1  2  3  4  5  6 |
---------------+-------------------+-----
Axes           | 2 3 5 |  5.8
Fighting       | 4 |  4.0
Armour         | |  3.2
Shields        | |  3.2

Action                   |  1- 3 |  4- 6 || total
-------------------------+-------+-------++-------
Melee: War axe           |    62 |    84 ||   146
Throw: Boomerang         |       |     1 ||     1
  Use: Scroll            |     5 |     4 ||     9
       Potion            |     3 |       ||     3
Armor: Scale mail        |    24 |     1 ||    25
       Chain mail        |       |    57 ||    57
Dodge: Dodged            |    23 |    39 ||    62
Block: Buckler           |     8 |    13 ||    21

Table legend:
 A = Non-vault XP
 B = Vault XP
 C = Vault XP percentage of total XP
 D = Non-vault monster count
 E = Vault monster count
 F = Vault count percentage of total count
                 A         B        C        D         E       F
            +---------+---------+-------+---------+---------+-------
      Total |     108 |     368 |  77.3 |      42 |       9 |  17.6
            +---------+---------+-------+---------+---------+-------
        D:1 |      42 |      10 |  19.2 |      22 |       5 |  18.5
        D:2 |      39 |     275 |  87.6 |      11 |       2 |  15.4
        D:3 |      27 |      83 |  75.5 |       9 |       2 |  18.2
            +---------+---------+-------+---------+---------+-------
